 Dungeon Crawl Stone Soup version 0.29.1-1-gd02db6906a (webtiles) character file.

Game seed: 8981801157894461038

273 fireball365 the Chopper (level 6, -4/78 HPs)
             Began as a Minotaur Fighter on Oct 10, 2022.
             Was an Initiate of Nemelex Xobeh.
             Slain by Grinder (10 damage)
             ... on level 4 of the Dungeon.
             The game lasted 00:11:40 (3273 turns).

fireball365 the Chopper (Minotaur Fighter)          Turns: 3273, Time: 00:11:41

Health: -4/78      AC: 11    Str: 20    XL:     6   Next: 2%
Magic:  5/5        EV:  7    Int:  5    God:    Nemelex Xobeh [......]
Gold:   96         SH:  9    Dex: 12    Spells: 5/5 levels left

rFire   . . .      SeeInvis .   a - +0 war axe
rCold   . . .      Faith    .   c - +0 buckler
rNeg    . . .      Spirit   .   l - +0 chain mail
rPois   .          Reflect  .   (helmet restricted)
rElec   .          Harm     .   x - +0 cloak
rCorr   .          Rampage  .   (no gloves)
Will    .....                   (no boots)
Stlth   ..........              (no amulet)
HPRegen 0.23/turn               (no ring)
MPRegen 0.09/turn               (no ring)

@: berserking, very quick
A: horns 2, retaliatory headbutt, large bone plates 1
a: Renounce Religion, Draw Escape, Draw Destruction, Draw Summoning


You were on level 4 of the Dungeon.
You worshipped Nemelex Xobeh.
Nemelex Xobeh was noncommittal.
You visited 1 branch of the dungeon, and saw 4 of its levels.

You collected 96 gold pieces.

Inventory:

Hand Weapons
 a - a +0 war axe (weapon)
Missiles
 j - 19 stones (quivered)
 u - 2 atropa-tipped darts
Armour
 b - a +0 scale mail
 c - a +0 buckler (worn)
 l - a +0 chain mail (worn)
 x - a +0 cloak (worn)
Magical Staves
 y - a staff of conjuration
Jewellery
 B - a ring of willpower
 D - an amulet of guardian spirit
Scrolls
 d - a scroll of acquirement {unknown}
 g - a scroll of blinking {unknown}
 h - a scroll of fear {unknown}
 i - 5 scrolls of identify
 n - 2 scrolls of immolation {unknown}
 o - 2 scrolls of enchant armour {unknown}
 p - 3 scrolls of teleportation {unknown}
 q - a scroll of torment {unknown}
 r - a scroll of silence {unknown}
 v - a scroll of noise {unknown}
 w - a scroll of fog {unknown}
 A - 3 scrolls of enchant weapon {unknown}
Potions
 e - a potion of resistance {unknown}
 f - 2 potions of mutation
 k - a potion of flight {unknown}
 m - 2 potions of curing {unknown}
 s - a potion of invisibility {unknown}
 t - a potion of berserk rage
 z - a potion of lignification {unknown}
 C - a potion of haste {unknown}


   Skills:
 - Level 3.8 Fighting
 * Level 5.4 Axes
 + Level 5.3 Armour
 + Level 0.5 Dodging
 + Level 4.8 Shields


You had 5 spell levels left.
You didn't know any spells.
Your spell library was empty.

Dungeon Overview and Level Annotations

Branches:
Dungeon (4/15)
 Temple: D:4-7

Altars:
Nemelex Xobeh
Uskayaw

Annotations:
D:4 Grinder


Innate Abilities, Weirdness & Mutations

You have a pair of horns on your head.
You reflexively headbutt those who attack you in melee.
You are partially covered in large bone plates. (SH +4)


Message History

Grinder says, "Wait up."
Grinder gestures at you. Pain shoots through your body!
You barely miss Grinder.
Grinder is lightly wounded.
Grinder gestures at you. You resist with significant effort.
You closely miss Grinder.
Grinder is lightly wounded.
Grinder barely misses you. You block Grinder's attack.
You barely miss Grinder.
Grinder is lightly wounded.
Grinder hits you.
You writhe in agony.
You hit Grinder. You headbutt Grinder.
Grinder is moderately wounded.
Grinder hits you.
* * * LOW HITPOINT WARNING * * *
You hit Grinder but do no damage. Your headbutt misses Grinder.
Grinder is moderately wounded.
Grinder blinks!
As you read the scroll labelled EZUNEOSENY, it crumbles to dust.
It is a scroll of identify.
t - 2 potions of berserk rage A red film seems to cover your vision as you go berserk!
You feel yourself moving faster!
You feel mighty!
You closely miss Grinder.
Grinder is moderately wounded.
Uskayaw drives Grinder into a dance frenzy!
Grinder goes berserk!
You barely miss Grinder.
Grinder is moderately wounded.
Grinder hits you but does no damage. Grinder hits you!
* * * LOW HITPOINT WARNING * * *
You writhe in agony.
* * * LOW HITPOINT WARNING * * *
You hit Grinder.
Grinder is moderately wounded.
Grinder hits you!
You die...
Your body disappears without a glow.

.... #.... .....
##....# .....
##....# .....#
##....#
......##....#
...........#
.......†)..######.
........5.........
......#@..........
....# ##...######.
..# #...# . #..##
...# #...# .....
...


You could see Grinder (berserk).

Vanquished Creatures
  An orc priest (D:3)
  2 orc wizards (D:3)
  Terence (D:2)
  4 gnolls (D:3)
  5 adders
  A dart slug (D:3)
  8 orcs (D:3)
  9 ball pythons
  3 endoplasms (D:1)
  5 giant cockroaches
  A goblin (D:1)
  9 hobgoblins
  4 jackals (D:1)
  6 quokkas
  5 bats
  5 frilled lizards
  4 kobolds
73 creatures vanquished.

Notes
Turn   | Place    | Note
-------+----------+-------------------------------------------
     0 | D:1      | fireball365 the Minotaur Fighter began the quest for the
                  | Orb.
     0 | D:1      | Reached XP level 1. HP: 19/19 MP: 0/0
    65 | D:1      | Reached XP level 2. HP: 16/27 MP: 1/1
   277 | D:1      | Found a faded altar of an unknown god.
   312 | D:1      | Prayed at the altar of an unknown god.
   312 | D:1      | Became a worshipper of Uskayaw the Reveller
   312 | D:1      | Reached * piety under Uskayaw
   735 | D:1      | Reached XP level 3. HP: 33/33 MP: 2/2
  1357 | D:2      | Reached ** piety under Uskayaw
  1656 | D:2      | Noticed Terence
  1666 | D:2      | Killed Terence
  1667 | D:2      | Reached XP level 4. HP: 36/40 MP: 3/3
  2291 | D:3      | Reached skill level 5 in Armour
  2291 | D:3      | Reached XP level 5. HP: 39/46 MP: 4/4
  2301 | D:3      | Reached *** piety under Uskayaw
  2309 | D:3      | Reached **** piety under Uskayaw
  2310 | D:3      | Reached skill level 5 in Axes
  2347 | D:3      | Gained mutation: You are partially covered in large bone
                  | plates. (SH +4) [potion of mutation]
  2347 | D:3      | Gained mutation: You are agile. (Dex +4, Str/Int -1)
                  | [potion of mutation]
  2347 | D:3      | Lost mutation: You are agile. (Dex +4, Str/Int -1) [potion
                  | of mutation]
  2671 | D:3      | Found a sparkling altar of Nemelex Xobeh.
  2679 | D:3      | Fell from the grace of Uskayaw
  2679 | D:3      | Became a worshipper of Nemelex Xobeh the Trickster
  3013 | D:3      | Reached XP level 6. HP: 46/52 MP: 5/5
  3252 | D:4      | Noticed Grinder
  3273 | D:4      | Slain by Grinder

Illustrated notes

Levels and vault maps discovered:
D:1:      minmay_arrival_radiant_lines, layout_basic,
          chequers_ecumenical_altar_simple_redux, st_stairs_7
D:2:      minmay_angry_zag, layout_loops_cross, uniq_terence
D:3:      layout_rooms, nemelex_spade_bored_becter, kennysheep_cluttered_room,
          grunt_ministairs_7, corner_web_ring
D:4:      layout_layer_cave, uniq_pikel, uniq_grinder

Skill      XL: |  1  2  3  4  5 |
---------------+----------------+-----
Armour         | 4 5 |  5.3
Shields        | 4 |  4.8
Axes           | 3 4 5 |  5.4
Fighting       | |  3.8
Dodging        | |  0.5

Action                   |  1- 3 |  4- 6 || total
-------------------------+-------+-------++-------
Melee: War axe           |    60 |   110 ||   170
       Headbutt          |     8 |    15 ||    23
  Use: Potion            |       |     3 ||     3
       Scroll            |       |     1 ||     1
 Stab: Paralysed         |       |     1 ||     1
Armor: Scale mail        |    20 |       ||    20
       Chain mail        |    26 |    69 ||    95
Dodge: Dodged            |    27 |    31 ||    58
Block: Buckler           |    34 |    33 ||    67
